 Dungeon Crawl Stone Soup version 0.28.0-43-g3370ac3207 (webtiles) character file.

Game seed: 17351043348435992199

16 Zeld the Insei (level 2, 0/18 HPs)
             Began as an Octopode Transmuter on Mar 28, 2022.
             Frozen to death by an endoplasm (2 damage)
             ... on level 1 of the Dungeon.
             The game lasted 00:00:45 (640 turns).

Zeld the Insei (Octopode Transmuter)                 Turns: 640, Time: 00:00:46

Health: 0/18       AC:  1    Str:  9    XL:     2   Next: 58%
Magic:  4/5        EV: 13    Int: 15    God:
Gold:   6          SH:  0    Dex: 12    Spells: 2/5 levels left

rFire   . . .      SeeInvis .     - Unarmed
rCold   . . .      Faith    .   (no shield)
rNeg    . . .      Spirit   .   (helmet restricted)
rPois   .          Reflect  .   (no amulet)
rElec   .          Harm     .   (no ring)
rCorr   .          Rampage  .   (no ring)
Will    .....                   (no ring)
Stlth   +++.......              (no ring)
HPRegen 0.06/turn               (no ring)
MPRegen 0.09/turn               (no ring)
                                (no ring)
                                (no ring)

@: no status effects
A: almost no armour, amphibious, 8 rings, camouflage 1, gelatinous body 1,
(nimble swimmer 1), tentacles
a: no special abilities


You were on level 1 of the Dungeon.
You visited 1 branch of the dungeon, and saw 1 of its levels.

You collected 6 gold pieces.

Inventory:

Scrolls
 a - a scroll of teleportation {unknown}


   Skills:
 + Level 1.3 Fighting
 - Level 2.0 Dodging
 + Level 1.2 Stealth
 - Level 3.0 Unarmed Combat
 + Level 2.2 Spellcasting
 * Level 2.4 Transmutations


You had 2 spell levels left.
You knew the following spells:

 Your Spells              Type           Power      Damage    Failure   Level
a - Beastly Appendage     Tmut           18%        N/A       8%          1
b - Wereblood             Tmut           9%         N/A       12%         2

Your spell library contained the following spells:

 Spells                   Type           Power      Damage    Failure   Level
 Sublimation of Blood     Necr           1%         N/A       32%         2
 Spider Form              Tmut/Pois      5%         N/A       36%         3
 Ice Form                 Ice/Tmut       5%         N/A       78%         4
 Summon Hydra             Summ           0%         N/A       100%        7


Dungeon Overview and Level Annotations

Branches:
Dungeon (1/15)

Altars:

Shops:
D:1 (


Innate Abilities, Weirdness & Mutations

You cannot wear most types of armour.
You are amphibious.
You can wear up to eight rings at the same time.
Your skin changes colour to match your surroundings (Stealth+).
Your rubbery body absorbs attacks. (AC +1, EV +1)
((You are camouflaged when in or above water. (Stealth+)))
You have tentacles for arms and can constrict up to eight enemies at once.


Message History

The frilled lizard hisses angrily.
Your grab misses the goblin.
You pierce the goblin.
The goblin is almost dead.
The goblin barely misses you.
An endoplasm comes into view.
You closely miss the goblin.
The endoplasm quivers.
Your grab misses the goblin.
You tentacle-slap the goblin, but do no damage.
The goblin is almost dead.
The goblin barely misses you.
You tentacle-slap the goblin but do no damage.
Your grab misses the goblin.
Your tentacle spike misses the goblin.
Your squeeze misses the goblin.
The goblin is almost dead.
The goblin barely misses you.
A giant cockroach comes into view.
The endoplasm jiggles.
You completely miss the goblin. Your grab misses the goblin.
Your squeeze misses the goblin.
The goblin is almost dead.
The goblin hits you but does no damage.
A kobold comes into view. It is wielding a +0 club.
Unknown command.
You tentacle-slap the goblin.
You kill the goblin!
The endoplasm freezes you.
You are frozen.
* * * LOW HITPOINT WARNING * * *
Unknown command.
You tentacle-slap the endoplasm but do no damage.
The frilled lizard misses you. The endoplasm closely misses you.
Unknown command.
You barely miss the frilled lizard. Your grab misses the frilled lizard.
You pierce the frilled lizard, but do no damage.
Your tentacle spike disappears.
The frilled lizard misses you. The endoplasm freezes you.
You are frozen.
You die...

.....######
..##......## ###.
...######..## #....
...## ##$.## #.....
.#..## ##..## ......
###..## ##..###...! #
##..#######.†#..###
##..##.=....)J...#
##..#######.@l>.#
#######..#######..B...#
...(.........# #...K..#
.#..#.###..#.# #####..#
.#.###..#.##.# .#
.#........#..# #
.#.######...## ...#
##...## #### ##...##


You could see an endoplasm, a giant cockroach, a kobold and a frilled lizard.

Vanquished Creatures
  2 bats (D:1)
  An endoplasm (D:1)
  A goblin (D:1)
  A hobgoblin (D:1)
  2 jackals (D:1)
  3 quokkas (D:1)
  A ball python (D:1)
  A kobold (D:1)
  2 rats (D:1)
14 creatures vanquished.

Notes
Turn   | Place    | Note
-------+----------+-------------------------------------------
     0 | D:1      | Zeld the Octopode Transmuter began the quest for the Orb.
     0 | D:1      | Reached XP level 1. HP: 13/13 MP: 3/3
   402 | D:1      | Reached XP level 2. HP: 13/18 MP: 3/5
   404 | D:1      | Reached skill level 1 in Stealth
   415 | D:1      | Found Roarucs's Weapon Boutique.
   420 | D:1      | Learned a level 2 spell: Wereblood
   640 | D:1      | Frozen to death by an endoplasm

Illustrated notes

Levels and vault maps discovered:
D:1:      dpeg_chamrin_arrival_tetris, layout_rooms, serial_shops, shop,
          lemuel_flame_loot_1

Skill      XL: |  1  2 |
---------------+-------+-----
Stealth        | 1 |  1.2
Fighting       | |  1.3
Dodging        | |  2.0
Unarmed Combat | |  3.0
Spellcasting   | |  2.2
Transmutations | |  2.4

Action                   || total
-------------------------++-------
Melee: Unarmed           ||    35
       Constrict         ||     6
       Tentacles         ||     3
       Kick              ||    10
       Punch             ||     1
 Cast: Beastly Appendage ||     5
Armor: Skin              ||     3
Dodge: Dodged            ||    29
